 Dungeon Crawl Stone Soup version 0.30.1-11-g7821555f0a (webtiles) character file.

Game seed: 12538825849190230827

100 comborobin the Sneak (level 5, 0/41 HPs)
             Began as a Formicid Delver on Dec 16, 2023.
             Slain by an orc
             ... wielding a +0 hand axe
              (5 damage)
             ... on level 3 of the Dungeon.
             The game lasted 00:01:41 (1369 turns).

comborobin the Sneak (Formicid Delver)              Turns: 1369, Time: 00:01:42

Health: 0/41       AC:  5    Str: 19    XL:     5   Next: 3%
Magic:  5/5        EV: 11    Int:  9    God:
Gold:   42         SH:  5    Dex: 15    Spells: 4/4 levels left

rFire   . . .        a - +0 mace
rCold   . . .        (no shield)
rNeg    . . .        l - +0 ring mail
rPois   .            (helmet unavailable)
rElec   .            (no cloak)
rCorr   .            (no gloves)
SInv    +            (no boots)
Will    +....        h - amulet of reflection
Stlth   +++          i - ring of willpower
HPRegen 0.26/turn    (no ring)
MPRegen 0.09/turn

%: reflection
@: mighty
A: permanent stasis, dig shafts and tunnels, antennae 3, four strong arms
a: Dig, Shaft Self


You were on level 3 of the Dungeon.
You visited 1 branch of the dungeon, and saw 4 of its levels.

You collected 42 gold pieces.

Inventory:

Hand Weapons
 a - a +0 mace (weapon)
Armour
 b - a +0 leather armour
 j - a +0 chain mail
 l - a +0 ring mail (worn)
Jewellery
 h - an amulet of reflection (around neck)
 i - a ring of willpower (left hand)
Wands
 f - a wand of digging (3)
Scrolls
 c - a scroll of fog
 d - a scroll of magic mapping
 e - a scroll of fear
 g - 2 scrolls of identify {unknown}
Potions
 k - a potion of invisibility
 n - a potion of degeneration {unknown}


   Skills:
 - Level 3.3 Fighting
 + Level 4.7 Maces & Flails
 - Level 1.8 Dodging
 - Level 6.0 Stealth


You had 4 spell levels left.
You didn't know any spells.
Your spell library contained the following spells:

 Spells                   Type           Power      Damage    Failure   Level
 Gell's Gravitas          Tloc           0%         N/A       91%         3
 Teleport Other           Tloc           0%         N/A       91%         3
 Dispersal                Tloc           0%         N/A       100%        6


Dungeon Overview and Level Annotations

Branches:
Dungeon (6/15)
 Temple: D:4-7

Altars:
Nemelex Xobeh
Vehumet

Annotations:
D:4 1 transporter


Innate Abilities, Weirdness & Mutations

You cannot be hasted, slowed, berserked, paralysed or teleported.
You can dig through walls and to a lower floor.
You have a pair of large antennae on your head. (SInv)
Your four strong arms can wield two-handed weapons with a shield.


Message History

You completely miss the orc.
The orc is almost dead.
You feel sick.
You hit the orc.
You kill the orc!
You flicker for a moment.
You feel sick.
You are no longer poisoned.
You strike the helpless orc from behind!
You hit the orc.
You kill the orc!
The orc throws a boomerang.
The boomerang misses you.
You have reached level 5!
The orc throws a boomerang.
The boomerang closely misses the orc.
The boomerang hits you. The orc hits you with a +0 morningstar!
Items here: ))) ? [ †††.
You are too injured to fight recklessly!
You hit the orc.
The orc is severely wounded.
The orc barely misses you. The orc hits you with a +0 morningstar.
* * * LOW HITPOINT WARNING * * *
You are too injured to fight recklessly!
You are too injured to fight recklessly!
You hit the orc.
You kill the orc!
The orc throws a boomerang.
The boomerang hits the orc.
You are too injured to fight recklessly!
You catch the helpless orc completely off-guard!
You hit the orc.
The orc is heavily wounded.
You flicker back into view.
The orc hits you with a +0 hand axe.
* * * LOW HITPOINT WARNING * * *
It was a potion of might.
You feel very mighty all of a sudden. The orc closely misses you.
You barely miss the orc.
The orc is heavily wounded.
The orc hits you with a +0 hand axe.
You die...

#.# #.# #.#
#######'##
#.####.#
#........#
#.#...)#
#........#
#.#.####
+........# #.#.#
#........# #.#.#
#........# #.#.#
#........#####.#.#
#........oo@...#.#
..........######.#
................#
......>...#######
..........#
##........#
#......#.#
+......+.#
#......###


You could see 2 orcs.

Vanquished Creatures
  An iguana (D:4)
  2 orc wizards
  An adder (D:4)
  7 orcs
  A ball python (D:4)
  A giant cockroach (D:4)
  3 hobgoblins (D:4)
  A quokka (D:4)
  A goblin (D:4)
18 creatures vanquished.

Notes
Turn   | Place    | Note
-------+----------+-------------------------------------------
     0 | D:5      | comborobin the Formicid Delver began the quest for the Orb.
     0 | D:5      | Reached XP level 1. HP: 18/18 MP: 1/1
    13 | D:5      | Noticed an ogre
    42 | D:4      | Found a radiant altar of Vehumet.
   169 | D:4      | Found a sparkling altar of Nemelex Xobeh.
   169 | D:4      | Found a transporter.
   170 | D:4      | Noticed an orc warrior
   171 | D:4      | Noticed an orc warrior
   343 | D:4      | Reached XP level 2. HP: 22/24 MP: 2/2
   396 | D:4      | Reached XP level 3. HP: 24/29 MP: 3/3
  1213 | D:4      | Reached XP level 4. HP: 29/35 MP: 4/4
  1364 | D:3      | Reached XP level 5. HP: 24/41 MP: 5/5
  1369 | D:3      | Slain by an orc

Illustrated notes

Levels and vault maps discovered:
D:3:      layout_basic
D:4:      layout_cave_pods, grunt_nemelex_the_gamble, fiery_altar_vehumet,
          serial_co_window_serial, co_window_corner_a, co_window_paths_a,
          co_window_corner_a, co_window_corner_a, co_window_paths_a,
          co_window_cross_1, co_window_unsneaky_path_e, co_window_corner_b,
          co_window_broadway_b, co_window_paths_c, co_window_2corner,
          co_window_2corner, glass_columns_a
D:5:      layout_loops_corners
D:6:      layout_loops_ring

Skill      XL: |  1  2  3 |
---------------+----------+-----
Maces & Flails | 3 4 |  4.7
Fighting       | |  3.3
Dodging        | |  1.8
Stealth        | |  6.0

Action                     |  1- 3 |  4- 6 || total
---------------------------+-------+-------++-------
  Melee: Mace              |    41 |    32 ||    73
         Punch             |     1 |       ||     1
    Use: Potion            |     1 |     2 ||     3
   Stab: Sleeping          |     1 |       ||     1
         Invisible         |       |     3 ||     3
 Armour: Leather armour    |     5 |       ||     5
         Ring mail         |     8 |    14 ||    22
  Dodge: Dodged            |    23 |    20 ||    43
  Block: Other             |     8 |     9 ||    17
